 Dungeon Crawl Stone Soup version 0.28-a0-863-g8cecda6153 (webtiles) character file.

Game seed: 2045169756143667935

289 mcbry74 the Chopper (level 6, -2/53 HPs)
             Began as a Hill Orc Fighter on Nov 17, 2021.
             Slain by Grinder (9 damage)
             ... while paralysed by Grinder
             ... on level 3 of the Dungeon.
             The game lasted 00:09:17 (3642 turns).

mcbry74 the Chopper (Hill Orc Fighter)              Turns: 3642, Time: 00:09:18

Health: -2/53      AC:  8    Str: 21    XL:     6   Next: 31%
Magic:  6/6        EV:  2    Int:  8    God:
Gold:   74         SH:  0    Dex: 10    Spells: 5/5 levels left

rFire   . . .      SeeInvis .   a - +0 war axe (chaos)
rCold   . . .      Faith    .   t - +3 buckler
rNeg    . . .      Spirit   .   b - +0 scale mail
rPois   .          Reflect  .   m - +0 helmet
rElec   .          Harm     .   (no cloak)
rCorr   .          Rampage  .   (no gloves)
Will    .....                   (no boots)
Stlth   ..........              h - amulet of the acrobat
HPRegen 0.17/turn               (no ring)
MPRegen 0.10/turn               (no ring)

@: paralysed, studying Dodging
A: no striking features
a: no special abilities


You were on level 3 of the Dungeon.
You visited 1 branch of the dungeon, and saw 3 of its levels.

You collected 74 gold pieces.

Inventory:

Hand Weapons
 a - a +0 war axe of chaos (weapon)
Armour
 b - a +0 scale mail (worn)
 c - a +0 buckler
 m - a +0 helmet (worn)
 t - a +3 buckler (worn)
Jewellery
 h - an amulet of the acrobat (around neck)
Scrolls
 p - a scroll of identify {unknown}
 s - a scroll of enchant weapon {unknown}
Potions
 d - a potion of might
 f - 2 potions of curing {unknown}
 j - 3 potions of mutation {unknown}
 l - a potion of ambrosia {unknown}
 n - a potion of invisibility {unknown}
 o - a potion of cancellation {unknown}
 q - a potion of degeneration {unknown}
 r - a potion of experience {unknown}


   Skills:
 + Level 4.3 Fighting
 + Level 7.1 Axes
 + Level 4.0 Armour
 + Level 2.1 Dodging
 - Level 3.2 Shields


You had 5 spell levels left.
You didn't know any spells.
Your spell library was empty.

Dungeon Overview and Level Annotations

Branches:
Dungeon (3/15)

Altars:
Ru

Annotations:
D:3 Grinder


Message History

You barely miss Grinder.
Grinder is lightly wounded.
Grinder hits you.
You writhe in agony.
You slash Grinder!
Grinder is moderately wounded.
You block Grinder's attack.
Grinder blinks!
Grinder gestures at you. You resist with significant effort.
Things that are here:
a +0 club; a gnoll corpse You block Grinder's attack.
You closely miss Grinder.
Grinder is moderately wounded.
Grinder gestures at you. Pain shoots through your body!
You closely miss Grinder.
Grinder is moderately wounded.
Grinder hits you!
You writhe in agony.
* * * LOW HITPOINT WARNING * * *
You barely miss Grinder.
Grinder is moderately wounded.
Grinder gestures at you. Pain shoots through your body!
* * * LOW HITPOINT WARNING * * *
You hit Grinder but do no damage.
Grinder is moderately wounded.
Grinder closely misses you.
You slash Grinder!
Grinder's magic leaks into the air.
Grinder is heavily wounded.
Grinder hits you but does no damage.
You hit Grinder but do no damage.
Grinder is heavily wounded.
You block Grinder's attack.
You slash Grinder! You burn Grinder.
Grinder is almost dead.
Grinder completely misses you. Grinder gestures at you.
You suddenly lose the ability to move!
Grinder hits you!
You die...

.#
#.#
.#
#.#
.#
#.#
.#
#.#
.#
#.#
.#
#.#
.#
#.#
.#
#5#
.#
#@#
##
#)#
#<#
###


You could see Grinder.

Vanquished Creatures
  Jessica (D:2)
  Terence (D:3)
  Natasha (thrice) (D:2)
  Robin (D:2)
  4 gnolls
  3 adders
  A worm (D:2)
  A dart slug (D:3)
  4 orcs (D:3)
  9 ball pythons
  8 bats
  5 endoplasms
  12 goblins
  7 hobgoblins
  3 jackals (D:3)
  4 kobolds
  3 quokkas
  5 frilled lizards
  A rat (D:2)
76 creatures vanquished.

Notes
Turn   | Place    | Note
-------+----------+-------------------------------------------
     0 | D:1      | mcbry74 the Hill Orc Fighter began the quest for the Orb.
     0 | D:1      | Reached XP level 1. HP: 19/19 MP: 1/1
    46 | D:1      | Reached skill level 3 in Axes
   233 | D:1      | Reached XP level 2. HP: 26/26 MP: 2/2
   379 | D:1      | Reached skill level 4 in Axes
   958 | D:2      | Reached XP level 3. HP: 19/31 MP: 3/3
  1072 | D:2      | Noticed Robin
  1223 | D:2      | Reached skill level 5 in Axes
  1228 | D:2      | Killed Robin
  1366 | D:2      | Reached XP level 4. HP: 33/39 MP: 4/4
  1507 | D:2      | Noticed Natasha
  1524 | D:2      | Killed Natasha
  1525 | D:2      | Reached skill level 6 in Axes
  1645 | D:2      | Noticed Jessica
  1647 | D:2      | Killed Jessica
  1676 | D:2      | Reached XP level 5. HP: 45/45 MP: 5/5
  1791 | D:2      | Found a faded altar of an unknown god.
  2148 | D:2      | Reached skill level 1 in Dodging
  2283 | D:2      | Noticed Natasha
  2292 | D:2      | Killed Natasha
  2312 | D:2      | Noticed Natasha
  2392 | D:2      | Killed Natasha
  2415 | D:2      | Found a sacrificial altar of Ru.
  2740 | D:3      | Reached skill level 7 in Axes
  2740 | D:3      | Reached XP level 6. HP: 49/52 MP: 6/6
  3212 | D:3      | Noticed Terence
  3217 | D:3      | Killed Terence
  3232 | D:3      | Noticed Grinder
  3641 | D:3      | Paralysed by Grinder for 6 turns
  3642 | D:3      | Slain by Grinder

Illustrated notes

Levels and vault maps discovered:
D:1:      lightli_arrival_statue_moat, layout_loops_ring,
          hangedman_feature_mirror, minivault_26
D:2:      minmay_wonky_spiral, layout_basic,
          chequers_ecumenical_altar_simple_redux, basic_altar, uniq_jessica,
          uniq_natasha, uniq_robin
D:3:      layout_basic, mainiacjoe_overflow_large_starburst,
          minmay_increasing_density, uniq_grinder, uniq_terence

Skill      XL: |  1  2  3  4  5  6 |
---------------+-------------------+-----
Axes           | 3 4 5 6 7 |  7.1
Dodging        | 1 2 |  2.1
Fighting       | 4 |  4.3
Armour         | 4 |  4.0
Shields        | |  3.2

Action                   |  1- 3 |  4- 6 || total
-------------------------+-------+-------++-------
Melee: War axe           |    86 |   143 ||   229
  Use: Scroll            |       |     4 ||     4
Armor: Scale mail        |    37 |    51 ||    88
Dodge: Dodged            |    50 |    66 ||   116
Block: Buckler           |    32 |    36 ||    68

Table legend: (Time is in decaauts)
 A = Elapsed time spent in this place.
 B = Non-inter-level travel time spent in this place.
 C = Inter-level travel time spent in this place.
 D = Time resting spent in this place.
 E = Time spent auto-exploring this place.
 F = Levels seen in this place.
 G = Mean time per level.
                   A        B        C        D        E       F      G
               +--------+--------+--------+--------+--------+-----+--------+
         Total |   3724 |   3659 |     65 |    935 |   2125 |   3 | 1241.3 |
       Dungeon |   3724 |   3659 |     65 |    935 |   2125 |   3 | 1241.3 |
               +--------+--------+--------+--------+--------+-----+--------+

Top non-repeatable levels by time:
     D:2: 1918 daAuts
     D:1: 1190 daAuts
     D:3: 614 daAuts
